 Dungeon Crawl Stone Soup version 0.22.1-1-ga44c0e56f4 (webtiles) character file.

77 Chidaruma the Chopper (level 4, -2/34 HPs)
             Began as a Demonspawn Gladiator on Oct 30, 2018.
             Killed by divine providence
             ... invoked by an orc priest
              (13 damage)
             ... on level 3 of the Dungeon.
             The game lasted 00:02:53 (1541 turns).

Chidaruma the Chopper (Demonspawn Gladiator)        Turns: 1541, Time: 00:02:54

Health: -2/34      AC:  4    Str: 15    XL:     4   Next: 13%
Magic:  4/4        EV: 13    Int: 10    God:
Gold:   100        SH:  3    Dex: 14    Spells: 3/3 levels left

rFire    . . .     SeeInvis +   a - +0 war axe
rCold    . . .     Gourm    .   (no shield)
rNeg     . . .     Faith    .   b - +0 leather armour
rPois    .         Spirit   .   c - +0 helmet
rElec    .         Reflect  +   (no cloak)
rCorr    .         Harm     .   (no gloves)
MR       .....                  (no boots)
Stlth    +.........             m - +3 amulet of reflection
HPRegen  0.11/turn              e - ring of see invisible
MPRegen  0.09/turn              (no ring)

@: no status effects
A: hooves 1
a: no special abilities


You were on level 3 of the Dungeon.
You were not hungry.

You visited 1 branch of the dungeon, and saw 3 of its levels.

You collected 100 gold pieces.

Inventory:

Hand Weapons
 a - a +0 war axe (weapon)
Missiles
 d - 3 throwing nets (quivered)
Armour
 b - a +0 leather armour (worn)
 c - a +0 helmet (worn)
Jewellery
 e - a ring of see invisible (left hand)
 m - a +3 amulet of reflection (around neck)
Scrolls
 g - a scroll of remove curse {unknown}
 h - 4 scrolls of identify {unknown}
 i - 2 scrolls of teleportation {unknown}
 l - a scroll of amnesia {unknown}
 n - a scroll of enchant armour {unknown}
Potions
 j - a potion of magic {unknown}
 o - a potion of degeneration {unknown}
Comestibles
 f - 3 rations
 k - 2 chunks of flesh


   Skills:
 + Level 2.4 Fighting
 + Level 3.6 Axes
 + Level 1.8 Throwing
 + Level 1.0 Armour
 + Level 3.2 Dodging


You had 3 spell levels left.
You didn't know any spells.
Your spell library was empty.

Dungeon Overview and Level Annotations

Branches:
Dungeon (3/15)

Altars:
Ru
Zin


Innate Abilities, Weirdness & Mutations

You have large cloven feet.


Message History

The orc priest invokes the aid of Beogh against you.
Beogh smites you!
You hit the orc priest but do no damage.
Your kick misses the orc priest. You hit the orc.
The orc hits you but does no damage. The orc priest hits you.
The orc hits you with a dagger.
You slash the orc priest! Your kick misses the orc priest.
The orc priest is heavily wounded.
You slash the orc!
You kill the orc!
Your Armour skill increases to level 1!
You barely miss the orc.
The orc priest calls down the wrath of Beogh upon you.
Pain shoots through your body! The orc barely misses you.
You hit the orc priest but do no damage.
The orc priest is heavily wounded.
You barely miss the orc.
The orc priest mumbles some strange prayers to Beogh against you.
Beogh smites you!
You die...

### # #.# .#
####.######.###.#
#....)@.........###
#.##.oo)...........
#o####.#.###.## ...
#.#.# #.##### ...
#.#.###.....# #...
.. #.#.........###
#..
...##.#.###........
#..
....#.#.###._......
...................


You could see an orc priest and 2 orcs.

Vanquished Creatures
  2 adders (D:2)
  A gnoll (D:1)
  An ooze (D:2)
  2 dart slugs
  2 orcs (D:3)
  6 goblins
  4 hobgoblins
  A quokka (D:2)
  A ball python (D:2)
  9 bats (D:1)
  A frilled lizard (D:2)
  6 kobolds
  5 rats (D:1)
41 creatures vanquished.

Notes
Turn   | Place    | Note
-------+----------+-------------------------------------------
     0 | D:1      | Chidaruma the Demonspawn Gladiator began the quest for the
                  | Orb.
     0 | D:1      | Reached XP level 1. HP: 16/16 MP: 1/1
    86 | D:1      | Gained mutation: You have large cloven feet. [demonic
                  | ancestry]
    86 | D:1      | Reached XP level 2. HP: 14/22 MP: 2/2
   378 | D:1      | Reached XP level 3. HP: 27/27 MP: 3/3
  1323 | D:2      | Reached XP level 4. HP: 30/34 MP: 4/4
  1518 | D:3      | Found a sacrificial altar of Ru.
  1519 | D:3      | Found a glowing silver altar of Zin.
  1540 | D:3      | Reached skill level 1 in Armour
  1541 | D:3      | Killed from afar by an orc priest

Skill      XL: |  1  2  3  4 |
---------------+-------------+-----
Dodging        | 3 |  3.2
Axes           | 3 |  3.6
Armour         | 1 |  1.0
Fighting       | |  2.4
Throwing       | |  1.8

Action                   |  1- 3 |  4- 6 || total
-------------------------+-------+-------++-------
Melee: War axe           |    83 |     9 ||    92
       Kick              |    12 |     1 ||    13
  Eat: Chunk             |     1 |     1 ||     2
Armor: Leather armour    |    33 |     2 ||    35
Dodge: Dodged            |   110 |     4 ||   114
Block: Other             |     1 |     1 ||     2
